 Dungeon Crawl Stone Soup version 0.30-a0-920-g7493c07aab (webtiles) character file.

Game seed: 8441469698163696199

253 jimonade the Shield-Bearer (level 6, -1/48 HPs)
             Began as a Formicid Fighter on Mar 22, 2023.
             Slain by an orc
             ... wielding a +0 short sword
              (3 damage)
             ... on level 4 of the Dungeon.
             The game lasted 00:04:18 (2365 turns).

jimonade the Shield-Bearer (Formicid Fighter)       Turns: 2365, Time: 00:04:19

Health: -1/48      AC:  7    Str: 21    XL:     6   Next: 37%
Magic:  6/6        EV:  8    Int:  9    God:
Gold:   158        SH:  9    Dex: 13    Spells: 5/5 levels left

rFire   . . .      SeeInvis +    a - +0 quarterstaff
rCold   . . .      Faith    .    f - +0 kite shield
rNeg    . . .      Spirit   .    b - +0 scale mail
rPois   .          Reflect  .    (helmet unavailable)
rElec   .          Rampage  .    (no cloak)
rCorr   .                        (no gloves)
Will    .....                    (no boots) Stlth
                                 (no amulet)
HPRegen 0.28/turn                (no ring)
MPRegen 0.10/turn                (no ring)

@: no status effects
A: permanent stasis, dig shafts and tunnels, antennae 3, four strong arms
a: Dig, Shaft Self


You were on level 4 of the Dungeon.
You visited 1 branch of the dungeon, and saw 4 of its levels.

You collected 158 gold pieces.

Inventory:

Hand Weapons
 a - a +0 quarterstaff (weapon)
 p - a +0 quarterstaff
Missiles
 r - a throwing net
 w - 3 poisoned darts
Armour
 b - a +0 scale mail (worn)
 c - a +0 buckler
 f - a +0 kite shield (worn)
 k - a +0 ring mail
 t - a scarf of shadows
Jewellery
 u - the ring of Soof {+Blink rC- MP+9 AC+4 Stlth+}
   (You found it on level 3 of the Dungeon)

   [ring of protection]

   AC:        It affects your AC (+4).
   rC:        It makes you vulnerable to cold.
   MP:        It affects your magic capacity (+9).
   +Blink:    It lets you blink.
   Stlth:     It makes you more stealthy.
Scrolls
 i - a scroll of immolation {unknown}
 j - 2 scrolls of fear {unknown}
 m - 2 scrolls of enchant weapon {unknown}
 n - 3 scrolls of identify {unknown}
 o - a scroll of enchant armour {unknown}
Potions
 d - a potion of might
 e - 2 potions of magic {unknown}
 g - 2 potions of heal wounds {unknown}
 h - a potion of attraction {unknown}
 l - a potion of brilliance {unknown}
 q - a potion of mutation {unknown}
 s - a potion of haste {unknown}
 v - 2 potions of curing {unknown}
 x - a potion of degeneration {unknown}
 z - a potion of lignification {unknown}


   Skills:
 + Level 4.1 Fighting
 + Level 4.2 Staves
 + Level 4.5 Armour
 + Level 5.3 Shields


You had 5 spell levels left.
You didn't know any spells.
Your spell library contained the following spells:

 Spells                   Type           Power      Damage    Failure   Level
 Summon Small Mammal      Summ           0%         N/A       93%         1
 Call Canine Familiar     Summ           0%         N/A       100%        3
 Portal Projectile        Hex/Tloc       0%         N/A       100%        3
 Summon Guardian Golem    Hex/Summ       0%         N/A       100%        3
 Tukima's Dance           Hex            0%         N/A       100%        3
 Summon Ice Beast         Ice/Summ       0%         N/A       100%        4
 Blade Hands              Tmut           0%         N/A       100%        5
 Summon Mana Viper        Hex/Summ       0%         N/A       100%        5
 Monstrous Menagerie      Summ           0%         N/A       100%        7


Dungeon Overview and Level Annotations

Branches:
Dungeon (4/15)             Temple (0/1) D:4

Altars:
Zin

Shops:
D:2 =

Annotations:
D:4 Eustachio


Innate Abilities, Weirdness & Mutations

You cannot be hasted, slowed, berserked, paralysed or teleported.
You can dig through walls and to a lower floor.
You have a pair of large antennae on your head. (SInv)
Your four strong arms can wield two-handed weapons with a shield.


Message History

You barely miss the rat. You block the rat's attack.
You block the iron imp's attack.
You closely miss the rat.
The crimson imp disappears in a puff of smoke!
The rat bites you but does no damage.
Eustachio casts a spell.
Eustachio blinks!
The iron imp hits you.
* * * LOW HITPOINT WARNING * * *
You barely miss the iron imp.
The iron imp disappears in a puff of smoke!
The rat closely misses you.
The orc priest looks satisfied for a moment.
An orc comes into view. It is wielding a +0 hand axe.
You hit the goblin.
You kill the goblin!
The shadow imp disappears in a puff of smoke!
The rat bites you but does no damage. The rat bites you.
* * * LOW HITPOINT WARNING * * *
The orc moves out of view.
You closely miss the orc priest. You block the rat's attack.
The orc priest hits you but does no damage.
You hit the orc priest.
The orc priest is moderately wounded.
The rat bites you but does no damage.
The orc priest hits you but does no damage.
You hit the orc priest.
The orc priest is moderately wounded.
The rat bites you.
* * * LOW HITPOINT WARNING * * *
The orc priest hits you but does no damage.
You sock the orc priest!
You kill the orc priest!
You block the rat's attack.
You barely miss the rat. The rat bites you but does no damage.
The orc hits you with a +0 short sword.
* * * LOW HITPOINT WARNING * * *
The rat bites you but does no damage.
Eustachio gestures wildly while chanting.
The orc hits you with a +0 short sword.
You die...

#.# {#. #.# #.#. #.# .
#.#.##.# #.##.#..#.##
...........#
.#.#.#.#.#.#############
:.........r@o@r........#
.#.......#.###########.#
....../.........# #.#
.#.w.>...#.####.# #.#
...........####.######.#
.#.......#............[#
........!..####.########
.#g#.#.#.#$# #.#
...........# #.#


You could see Eustachio, an orc, a quokka (summoned) and a rat (summoned).

Vanquished Creatures
  A bullfrog (D:2)
  A jelly (D:4)
  An orc priest (D:4)
  5 adders
  A worm (D:4)
  6 dart slugs
  3 orcs
  4 ball pythons
  4 bats
  8 endoplasms
  3 giant cockroaches
  4 hobgoblins
  8 kobolds
  5 quokkas
  2 frilled lizards
  5 goblins
  6 rats
67 creatures vanquished.

Vanquished Creatures (others)
  A plant (D:1)
1 creature vanquished.

Grand Total: 68 creatures vanquished

Notes
Turn   | Place    | Note
-------+----------+-------------------------------------------
     0 | D:1      | jimonade the Formicid Fighter began the quest for the Orb.
     0 | D:1      | Reached XP level 1. HP: 18/18 MP: 1/1
   165 | D:1      | Reached XP level 2. HP: 23/24 MP: 2/2
   344 | D:1      | Reached XP level 3. HP: 24/29 MP: 3/3
   909 | D:2      | Found a glowing silver altar of Zin.
  1079 | D:2      | Found Otokumn's Jewellery Shoppe.
  1206 | D:2      | Reached XP level 4. HP: 35/37 MP: 4/4
  1364 | D:3      | Noticed a bullfrog
  1384 | D:2      | Killed a bullfrog
  1385 | D:2      | Reached XP level 5. HP: 22/42 MP: 5/5
  1612 | D:3      | Reached skill level 5 in Shields
  1794 | D:3      | Identified the ring of Soof {+Blink rC- MP+9 AC+4 Stlth+}
  2098 | D:4      | Reached XP level 6. HP: 37/48 MP: 6/6
  2314 | D:4      | Found a staircase to the Ecumenical Temple.
  2317 | D:4      | Noticed Eustachio
  2360 | D:4      | HP: 2/48 [rat[Eustachio] (3)]
  2365 | D:4      | HP: 2/48 [orc/+0 short sword (1)]
  2365 | D:4      | Slain by an orc

Illustrated notes

Levels and vault maps discovered:
D:1:      dpeg_arrival_castle, layout_basic, serial_bayou_pond_b, st_stairs_10
D:2:      layout_rooms, serial_shops, shop, basic_altar
D:3:      layout_rooms, minmay_surrounded
D:4:      layout_loops_ring, minmay_temple_entry_glass,
          chequers_serial_rivers_micro_a, uniq_grinder, uniq_eustachio

Skill      XL: |  1  2  3  4  5 |
---------------+----------------+-----
Fighting       | 4 |  4.1
Staves         | 3 4 |  4.2
Armour         | 4 |  4.5
Shields        | 5 |  5.3

Action                     |  1- 3 |  4- 6 || total
---------------------------+-------+-------++-------
  Melee: Quarterstaff      |   105 |   138 ||   243
Ability: Dig               |       |     1 ||     1
 Armour: Scale mail        |    39 |    62 ||   101
  Dodge: Dodged            |    22 |    46 ||    68
  Block: Kite shield       |    50 |    63 ||   113
         Buckler           |     1 |       ||     1

Table legend: (Time is in decaauts)
 A = Elapsed time spent in this place.
 B = Non-inter-level travel time spent in this place.
 C = Inter-level travel time spent in this place.
 D = Time resting spent in this place.
 E = Time spent auto-exploring this place.
 F = Levels seen in this place.
 G = Mean time per level.
                   A        B        C        D        E       F      G
               +--------+--------+--------+--------+--------+-----+--------+
         Total |   2439 |   2335 |    104 |    140 |   1434 |   4 |  609.8 |
       Dungeon |   2439 |   2335 |    104 |    140 |   1434 |   4 |  609.8 |
               +--------+--------+--------+--------+--------+-----+--------+

Top non-repeatable levels by time:
     D:1: 787 daAuts
     D:2: 700 daAuts
     D:3: 634 daAuts
     D:4: 316 daAuts
